 Dungeon Crawl Stone Soup version 0.24.0-13-gcf9b319 (webtiles) character file.

Game seed: 10124328893581401291, levelgen mode: deterministic

49 Bronimir the Firebug (level 3, 0/19 HPs)
             Began as a Tengu Fire Elementalist on Mar 31, 2020.
             Shot with an arrow by a centaur (15 damage)
             ... on level 2 of the Dungeon.
             The game lasted 00:05:37 (1852 turns).

Bronimir the Firebug (Tengu Fire Elementalist)      Turns: 1852, Time: 00:05:37

Health: 0/19       AC:  2    Str:  9    XL:     3   Next: 77%
Magic:  5/7        EV: 12    Int: 15    God:
Gold:   159        SH:  0    Dex: 14    Spells: 0/6 levels left

rFire    . . .     SeeInvis .   a - +0 mace (protect)
rCold    . . .     Gourm    .   (no shield)
rNeg     . . .     Faith    .   g - +0 robe
rPois    .         Spirit   .   (helmet restricted)
rElec    .         Reflect  .   (no cloak)
rCorr    .         Harm     .   (no gloves)
MR       .....                  (boots unavailable)
Stlth    ++........             (no amulet)
HPRegen  0.06/turn              (no ring)
MPRegen  0.10/turn              (no ring)

@: very slightly contaminated
A: beak, talons 3
a: no special abilities


You were on level 2 of the Dungeon.
You were not hungry.

You visited 1 branch of the dungeon, and saw 2 of its levels.

You collected 159 gold pieces.

Inventory:

Hand Weapons
 a - a +0 mace of protection (weapon)
 d - a +0 dagger
Missiles
 b - 100 stones
 f - 17 bolts
 l - 3 boomerangs (quivered)
Armour
 g - a +0 robe (worn)
 k - a +0 ring mail
Scrolls
 e - a scroll of noise {unknown}
 h - a scroll of random uselessness {unknown}
 i - 2 scrolls of teleportation {unknown}
 j - a scroll of identify {unknown}
Potions
 n - a potion of invisibility {unknown}
Comestibles
 c - 3 rations


   Skills:
 + Level 1.1 Maces & Flails
 * Level 1.4 Armour
 + Level 2.2 Dodging
 - Level 2.0 Stealth
 * Level 2.2 Spellcasting
 * Level 2.0 Conjurations
 * Level 4.0 Fire Magic


You couldn't memorise any spells.
You knew the following spells:

 Your Spells              Type           Power        Failure   Level  Hunger
a - Flame Tongue          Conj/Fire      ##...        6%          1    #......
b - Throw Flame           Conj/Fire      ##....       10%         2    ###....
c - Conjure Flame         Conj/Fire      ##......     19%         3    ###....

Your spell library contained the following spells:

 Spells                   Type           Power        Failure   Level  Hunger
 Inner Flame              Hex/Fire       #.......     28%         3    ###....
 Sticky Flame             Conj/Fire      ##......     52%         4    #####..
 Fireball                 Conj/Fire      ##........   86%         5    ######.


Dungeon Overview and Level Annotations

Branches:
Dungeon (2/15)

Altars:


Innate Abilities, Weirdness & Mutations

You have a beak for a mouth.
You have claws for feet.


Message History

The rat twitches its whiskers.
The rat closely misses you.
Casting: Flame Tongue (safe; 6% risk of failure)
Confirm with . or Enter, or press ? or * to list all spells.
Aiming: Flame Tongue (safe; 6% risk of failure)
Press: ? - help, Shift-Dir - straight line, f/p - rat
Aim: a rat The flame tongue hits the rat.
You kill the rat!
A centaur comes into view.
The centaur shouts!
The centaur wields a +0 shortbow.
The centaur shoots an arrow.
The arrow hits you.
Things that are here:
an arrow; 5 gold pieces The centaur shoots an arrow.
The arrow hits you.
You see here an arrow.
The centaur shoots an arrow.
The arrow hits you!
Ouch! That really hurt!
You die...

...........>.......
#.
...................
##
..................#
#
#.................#
#.........###....%#
#.........###.....##
...........#c......
..........#.......
..........@.......
.........(........
...
..##....(.........
... ..
##....#####.... ....
#....# ... ....
#....# .. ....
###### # .... ..#


You could see a centaur.

Vanquished Creatures
  An adder (D:2)
  2 worms (D:2)
  A giant cockroach (D:1)
  5 hobgoblins
  2 ball pythons
  A bat (D:1)
  9 frilled lizards
  6 goblins (D:1)
  4 kobolds
  6 rats
37 creatures vanquished.

Notes
Turn   | Place    | Note
-------+----------+-------------------------------------------
     0 | D:1      | Bronimir the Tengu Fire Elementalist began the quest for
                  | the Orb.
     0 | D:1      | Reached XP level 1. HP: 10/10 MP: 4/4
   224 | D:1      | Reached XP level 2. HP: 15/15 MP: 6/6
   493 | D:1      | Reached skill level 1 in Armour
  1067 | D:2      | Reached XP level 3. HP: 6/19 MP: 0/7
  1377 | D:2      | Learned a level 2 spell: Throw Flame
  1381 | D:2      | Learned a level 3 spell: Conjure Flame
  1535 | D:2      | Reached skill level 1 in Maces & Flails
  1724 | D:2      | Reached skill level 4 in Fire Magic
  1850 | D:2      | Noticed a centaur
  1852 | D:2      | Shot with an arrow by a centaur

Levels and vault maps discovered:
D:1:      lemuel_arrival_cross, layout_basic, minmay_misc_feat_hallway
D:2:      minmay_alternating_diamond, layout_basic, first_ration

Skill      XL: |  1  2  3 |
---------------+----------+-----
Armour         | 1 |  1.4
Maces & Flails | 1 |  1.1
Fire Magic     | 4 |  4.0
Conjurations   | 2 |  2.0
Dodging        | |  2.2
Stealth        | |  2.0
Spellcasting   | |  2.2

Action                   || total
-------------------------++-------
Melee: Dagger            ||    13
       Kick              ||     7
       Unarmed           ||     1
       Mace              ||    10
       Peck              ||     1
Throw: Boomerang         ||     4
 Cast: Flame Tongue      ||    57
  Use: Potion            ||     4
 Stab: Sleeping          ||     1
  Eat: Ration            ||     1
Armor: Robe              ||     7
Dodge: Dodged            ||    46
